 Dungeon Crawl Stone Soup version 0.31.0-11-ge490571c62 (webtiles) character file.

Game seed: 2906141875753703055

28 Esekla the Grave Robber (level 3, 0/22 HPs)
             Began as an Octopode Necromancer on Feb 2, 2024.
             Succumbed to an adder's poison
             ... on level 2 of the Dungeon.
             The game lasted 00:03:53 (734 turns).

Esekla the Grave Robber (Octopode Necromancer)       Turns: 734, Time: 00:03:54

Health: 0/22       AC:  1    Str:  7    XL:     3   Next: 12%
Magic:  6/6        EV: 13    Int: 19    God:
Gold:   106        SH:  5    Dex: 12    Spells: 5/6 levels left

rFire   . . .        s - +0 dagger
rCold   + . .        (no shield)
rNeg    . . .        (helmet restricted)
rPois   .            e - amulet of reflection
rElec   .            d - ring of wizardry
rCorr   .            (no ring)
SInv    .            (no ring)
Will    .....        (no ring)
Stlth   +++          (no ring)
HPRegen 0.23/turn    (no ring)
MPRegen 0.10/turn    (no ring)
                     (no ring)

%: reflection, wizardry (x1)
@: lethally poisoned (0 -> -2)
A: almost no armour, amphibious, 8 rings, camouflage 1, gelatinous body 1,
(nimble swimmer 1), tentacles, tentacle spike 1, cold resistance 1
a: no special abilities


You were on level 2 of the Dungeon.
You visited 1 branch of the dungeon, and saw 2 of its levels.

You collected 106 gold pieces.

Inventory:

Hand Weapons
 a - a +0 mace of protection
 r - a +0 spear
 s - a +0 dagger (weapon)
Jewellery
 d - a ring of wizardry (left tentacle)
 e - an amulet of reflection (around mantle)
Scrolls
 f - a scroll of fear {unknown}
 g - a scroll of teleportation {unknown}
 h - a scroll of fog {unknown}
 i - a scroll of identify {unknown}
Potions
 b - a potion of magic
 c - a potion of mutation


   Skills:
 * Level 0.7 Fighting
 + Level 2.1 Dodging
 + Level 2.9 Stealth
 * Level 2.1 Spellcasting
 + Level 4.5 Necromancy


You had 5 spell levels left.
You knew the following spells:

 Your Spells              Type           Power      Damage    Failure   Level
a - Necrotise             Necr           76%        1d7       1%          1

Your spell library contained the following spells:

 Spells                   Type           Power      Damage    Failure   Level
 Vampiric Draining        Necr           19%        2d7       3%          3
 Ensorcelled Hibernation  Hex/Ice        4%         N/A       11%         2
 Animate Dead             Necr           19%        N/A       11%         4
 Call Canine Familiar     Summ           2%         N/A       21%         3
 Passwall                 Erth           2%         N/A       21%         3
 Sigil of Binding         Hex            2%         N/A       21%         3
 Swiftness                Air            2%         N/A       21%         3
 Curse of Agony           Necr           19%        N/A       26%         5
 Dimensional Bullseye     Hex/Tloc       1%         N/A       52%         4


Dungeon Overview and Level Annotations

Branches:
Dungeon (2/15)

Altars:

Shops:
D:1 [


Innate Abilities, Weirdness & Mutations

You cannot wear most types of armour.
You are amphibious.
You can wear up to eight rings at the same time.
Your skin changes colour to match your surroundings (Stealth+).
Your rubbery body absorbs attacks. (AC +1, EV +1)
((You are camouflaged when in or above water. (Stealth+)))
You have tentacles for arms and can constrict up to eight enemies at once.
One of your tentacles bears a spike.
Your flesh is cold resistant. (rC+)


Message History

The adder is severely wounded.
You feel sick. The adder bites you.
You are more poisoned.
The adder poisons you! The adder misses you.
You miss the adder. You grab the adder.
The adder is severely wounded.
You constrict the adder.
You feel sick. The adder bites you.
* * * LOW HITPOINT WARNING * * *
You hit the adder.
The adder is almost dead.
You constrict the adder.
You kill the adder!
* * * LOW HITPOINT WARNING * * *
You feel sick.
You have reached level 3!
Your experience leads to an increase in your attributes!
Increase (S)trength, (I)ntelligence, or (D)exterity?
You feel clever. x2
This spell is quite dangerous to cast!
Your memorisation is interrupted.
* * * LOW HITPOINT WARNING * * *
You feel sick.
Adjust (i)tems, (s)pells, or (a)bilities?
Adjust which spell?
Okay, then.
Okay, then.
* * * LOW HITPOINT WARNING * * *
You feel sick.
It was a potion of mutation.
You feel extremely strange.
One of your lower tentacles grows a sharp spike.
You feel resistant to cold.
* * * LOW HITPOINT WARNING * * *
You feel sick.
Okay, then.
Okay, then.
* * * LOW HITPOINT WARNING * * *
You feel sick.
You see here 14 gold pieces.
You now have 106 gold pieces (gained 14).
You die...

#########
........#
##.####.#
#.####.####
#.#.......# #
#.#.#####.#
.####.###.#.#
#.#####
.......@....#
#.....#
#####.###.#.#
#.###.# #
#.#.#####.# #.#
..........# #.#
##..########
#.# #..# #.#
#..# #.# #..#
#.#
#..##########.#


There were no monsters in sight!

Vanquished Creatures
  An adder (D:2)
  A ribbon worm (D:1)
  2 bats
  An endoplasm (D:2)
  A goblin (D:1)
  5 hobgoblins
  A ball python (D:2)
  A frilled lizard (D:2)
  A kobold (D:1)
  A rat (D:1)
15 creatures vanquished.

Notes
Turn   | Place    | Note
-------+----------+-------------------------------------------
     0 | D:1      | Esekla the Octopode Necromancer began the quest for the
                  | Orb.
     0 | D:1      | Reached XP level 1. HP: 11/11 MP: 3/3
   220 | D:1      | Reached XP level 2. HP: 16/17 MP: 5/5
   513 | D:1      | Found Wycou's Armour Shop.
   730 | D:2      | Reached XP level 3. HP: 4/22 MP: 6/6
   732 | D:2      | Gained mutation: One of your tentacles bears a spike.
                  | [potion of mutation]
   732 | D:2      | Gained mutation: Your flesh is cold resistant. (rC+)
                  | [potion of mutation]
   732 | D:2      | HP: 1/22 [poisoned by an adder]
   734 | D:2      | Succumbed to an adder's poison

Illustrated notes

Levels and vault maps discovered:
D:1:      psy_arrival_dodecagon, layout_loops_ring, serial_shops, shop,
          kennysheep_pointless_box, nicolae_wormholes
D:2:      layout_loops_ring, shapermc_ecumenical_altar_venn, minivault_5

Action                     || total
---------------------------++-------
  Melee: Mace              ||     9
         Tentacles         ||     5
         Constrict         ||     5
         Dagger            ||    24
    Use: Potion            ||     1
   Stab: Sleeping          ||     6
 Armour: Skin              ||    12
  Dodge: Dodged            ||    20
  Block: Other             ||     1
